 Dungeon Crawl Stone Soup version 0.28-a0-667-g162e43154e (webtiles) character file.

Game seed: 2158471121568932522

177 Lekart the Skirmisher (level 5, -3/46 HPs)
             Began as a Draconian Fighter on Oct 17, 2021.
             Slain by Eustachio (8 damage)
             ... on level 4 of the Dungeon.
             The game lasted 00:04:07 (4023 turns).

Lekart the Skirmisher (Draconian Fighter)           Turns: 4023, Time: 00:04:08

Health: -3/46      AC:  5    Str: 17    XL:     5   Next: 31%
Magic:  5/5        EV: 12    Int:  8    God:
Gold:   105        SH:  4    Dex: 11    Spells: 4/4 levels left

rFire   + . .      SeeInvis .   a - +1 long sword
rCold   . . .      Faith    .   b - +0 buckler
rNeg    . . .      Spirit   .   (armour unavailable)
rPois   .          Reflect  .   (helmet restricted)
rElec   .          Harm     .   (no cloak)
rCorr   .          Rampage  .   (no gloves)
Will    .....                   (no boots)
Stlth   +.........              (no amulet)
HPRegen 0.15/turn               d - ring of flight
MPRegen 0.09/turn               (no ring)

@: mighty, flying
A: AC +5, unfitting armour, cold-blooded, fire resistance 1, weak 1, MP-powered
wands
a: no special abilities


You were on level 4 of the Dungeon.
You visited 2 branches of the dungeon, and saw 5 of its levels.

You collected 105 gold pieces.

Inventory:

Hand Weapons
 a - a +1 long sword (weapon)
Armour
 b - a +0 buckler (worn)
Jewellery
 d - a ring of flight (left hand)
Scrolls
 e - 3 scrolls of identify
 f - a scroll of teleportation
 h - a scroll of fog
 j - 3 scrolls of blinking {unknown}
Potions
 i - a potion of invisibility


   Skills:
 + Level 4.0 Fighting
 + Level 3.9 Long Blades
 + Level 3.3 Dodging
 + Level 1.1 Stealth
 + Level 3.6 Shields


You had 4 spell levels left.
You didn't know any spells.
Your spell library contained the following spells:

 Spells                   Type           Power      Damage    Failure   Level
 Apportation              Tloc           0%         N/A       41%         1
 Corpse Rot               Necr/Air       N/A        N/A       56%         2
 Poisonous Vapours        Pois/Air       0%         N/A       56%         2
 Alistair's Intoxication  Tmut/Pois      0%         N/A       100%        5
 Invisibility             Hex            0%         N/A       100%        6


Dungeon Overview and Level Annotations

Branches:
Dungeon (4/15)             Temple (1/1) D:4

Altars:
Ashenzari
Cheibriados
Dithmenos
Elyvilon
Fedhas
Hepliaklqana
Nemelex Xobeh
Sif Muna
Uskayaw
Vehumet
Yredelemnul
The Shining One

Shops:
D:1 [

Annotations:
D:3 exclusion: downstairs
D:4 Eustachio, Grinder


Innate Abilities, Weirdness & Mutations

Your plain brown scales are hard. (AC +5)
You cannot fit into any form of body armour.
You are cold-blooded and may be slowed by cold attacks.
Your flesh is heat resistant. (rF+)
You are weak. (Str -2)
You expend magic power (3 MP) to strengthen your wands.


Message History

The bat barely misses you.
Eustachio mumbles some strange words.
Eustachio blinks!
The ufetubus hits you but does no damage.
You block the ufetubus's attack.
The quokka bites you but does no damage.
The white imp hits you but does no damage.
You feel very mighty all of a sudden. You block the ufetubus's attack.
The ufetubus hits you. You block the quokka's attack.
The quokka bites you but does no damage.
You block the bat's attack.
The ufetubus hits you but does no damage. x2
The rat closely misses you. The white imp barely misses you.
You slash the ufetubus!
You kill the ufetubus!
The ufetubus disappears in a puff of smoke!
You block the bat's attack. The quokka barely misses you. x2
The rat barely misses you. The white imp closely misses you.
The quokka misses you. The quokka closely misses you.
You slash the rat!
You kill the rat!
The rat's corpse disappears in a puff of smoke!
The bat completely misses you. The white imp hits you.
The white imp freezes you.
* * * LOW HITPOINT WARNING * * *
Eustachio barely misses you. The quokka closely misses you.
The quokka misses you.
The white imp disappears in a puff of smoke!
The quokka bites you but does no damage.
Eustachio hits you with a +0 rapier!
* * * LOW HITPOINT WARNING * * *
You block the bat's attack.
There are monsters nearby!
Unknown command.
You slash Eustachio!
Eustachio is almost dead.
The bat barely misses you. The bat closely misses you. The quokka misses you.
Eustachio hits you with a +0 rapier!
You die...

..# #.####### #
#.......## ##.#..
#.##).......## .....###
#.#..........# .......##
#............#
........#####..........#
.........# #..r@b.....#
.........# #...@r.....#
.........# ##........##
.........#####........#
...<...................#
#...[....####..........#
.........# #..........#
.........# #>.........#
.........# #.......(..#
.........# ##........


You could see Eustachio, 2 quokkas and a bat (summoned).

Vanquished Creatures
  A phantom (D:3)
  A hound skeleton (D:4)
  3 adders
  A worm (D:2)
  A dart slug (D:2)
  4 ball pythons
  9 endoplasms
  3 giant cockroaches (D:2)
  3 goblins
  4 hobgoblins
  5 jackals
  3 quokkas
  3 bats
  5 frilled lizards
  10 kobolds
  2 rats
58 creatures vanquished.

Notes
Turn   | Place    | Note
-------+----------+-------------------------------------------
     0 | D:1      | Lekart the Draconian Fighter began the quest for the Orb.
     0 | D:1      | Reached XP level 1. HP: 19/19 MP: 1/1
   216 | D:1      | Reached XP level 2. HP: 26/26 MP: 2/2
   283 | D:1      | Found Cyer Sem's Antique Armour Shop.
   332 | D:1      | Found a faded altar of an unknown god.
  1082 | D:2      | Reached XP level 3. HP: 13/31 MP: 3/3
  2643 | D:3      | Found a white marble altar of Elyvilon.
  2689 | D:3      | Reached XP level 4. HP: 36/40 MP: 4/4
  2929 | D:3      | Found a broken altar of Ashenzari.
  3061 | D:4      | Noticed Grinder
  3129 | D:4      | Noticed a phantom
  3147 | D:3      | Killed a phantom
  3148 | D:3      | Reached XP level 5. HP: 28/46 MP: 5/5
  3270 | D:4      | Found a staircase to the Ecumenical Temple.
  3285 | Temple   | Entered the Ecumenical Temple
  3603 | D:4      | Reached skill level 1 in Stealth
  3801 | D:4      | Found a hazy altar of Hepliaklqana.
  3844 | D:4      | Paralysed by Grinder for 4 turns
  3983 | D:4      | Reached skill level 4 in Fighting
  3995 | D:4      | Noticed Eustachio
  3998 | D:4      | Gained mutation: Your flesh is heat resistant. (rF+)
                  | [potion of mutation]
  3998 | D:4      | Gained mutation: You are weak. (Str -2) [potion of
                  | mutation]
  3998 | D:4      | Gained mutation: You expend magic power (3 MP) to
                  | strengthen your wands. [potion of mutation]
  4023 | D:4      | Slain by Eustachio

Illustrated notes

Levels and vault maps discovered:
D:1:      lightli_arrival_quake, layout_loops_ring,
          ebering_ecumenical_altar_abandoned, serial_shops,
          nicolae_lakefront_shop, feat_on_display
D:2:      layout_loops_ring
D:3:      layout_loops_ring, mainiacjoe_overflow_alcove_4,
          nicolae_elyvilon_peaceful_grove, minmay_misc_feat_iff
D:4:      layout_rooms, mainiacjoe_overflow_small_starburst,
          worldfamousw_hep_ancestral_shrine, minmay_temple_entry_mini_moons,
          gammafunk_ghost_split, minmay_shop_mayhem, uniq_grinder,
          uniq_crazy_yiuf_cottage, uniq_eustachio
Temple:   compressed_dpeg_triangle_lava_temple

Skill      XL: |  1  2  3  4  5 |
---------------+----------------+-----
Dodging        | 3 |  3.3
Long Blades    | 3 |  3.9
Stealth        | 1 |  1.1
Fighting       | 4 |  4.0
Shields        | |  3.6

Action                   |  1- 3 |  4- 6 || total
-------------------------+-------+-------++-------
Melee: Long sword        |   126 |    64 ||   190
       Tailslap          |    17 |     9 ||    26
  Use: Scroll            |     7 |       ||     7
       Potion            |       |     2 ||     2
 Stab: Sleeping          |     2 |       ||     2
Armor: Skin              |    36 |    40 ||    76
Dodge: Dodged            |    67 |    69 ||   136
Block: Buckler           |    23 |    22 ||    45

Table legend: (Time is in decaauts)
 A = Elapsed time spent in this place.
 B = Non-inter-level travel time spent in this place.
 C = Inter-level travel time spent in this place.
 D = Time resting spent in this place.
 E = Time spent auto-exploring this place.
 F = Levels seen in this place.
 G = Mean time per level.
                   A        B        C        D        E       F      G
               +--------+--------+--------+--------+--------+-----+--------+
         Total |   4080 |   3903 |    177 |    372 |   2951 |   5 |  816.0 |
       Dungeon |   3767 |   3618 |    149 |    372 |   2730 |   4 |  941.8 |
        Temple |    313 |    285 |     28 |      0 |    221 |   1 |  313.0 |
               +--------+--------+--------+--------+--------+-----+--------+

Top non-repeatable levels by time:
     D:2: 1481 daAuts
     D:3: 1217 daAuts
     D:1: 719 daAuts
     D:4: 349 daAuts
  Temple: 313 daAuts
